 Dungeon Crawl Stone Soup version 0.31.0-32-g396128a36d (webtiles) character file.

Game seed: 3881175053086470970

43 imdaedric the Sneak (level 3, -2/22 HPs)
             Began as a Kobold Brigand on Apr 24, 2024.
             Killed from afar by Sigmund (5 damage)
             ... with a puff of flame
             ... on level 2 of the Dungeon.
             The game lasted 00:03:23 (1783 turns).

imdaedric the Sneak (Kobold Brigand)                Turns: 1783, Time: 00:03:24

Health: -2/22      AC:  4    Str:  8    XL:     3   Next: 82%
Magic:  3/3        EV: 15    Int: 12    God:
Gold:   117        SH:  0    Dex: 18    Spells: 2/2 levels left

rFire   . . .        a - +2 dagger
rCold   . . .        (no shield)
rNeg    . . .        b - +0 robe
rPois   .            (no helmet)
rElec   .            c - +0 cloak
rCorr   .            (no gloves)
SInv    .            i - +0 pair of boots
Will    .....        (no amulet)
Stlth   ++++         f - ring of flight
HPRegen 0.23/turn    (no ring)
MPRegen 0.08/turn

%: no passive effects
@: flying
A: small, no large weapons, nightstalker 3
a: no special abilities


You were on level 2 of the Dungeon.
You visited 1 branch of the dungeon, and saw 2 of its levels.

You collected 117 gold pieces.

Inventory:

Hand Weapons
 a - a +2 dagger (weapon)
Missiles
 d - 9 poisoned darts (quivered)
 e - 5 curare-tipped darts
Armour
 b - a +0 robe (worn)
 c - a +0 cloak (worn)
 i - a +0 pair of boots (worn)
Jewellery
 f - a ring of flight (left hand)
Wands
 q - a wand of charming (10)
Scrolls
 g - a scroll of enchant weapon
 h - a scroll of teleportation {unknown}
 j - a scroll of fear {unknown}
 m - 2 scrolls of fog
 o - a scroll of vulnerability
 r - a scroll of amnesia {unknown}
Potions
 k - a potion of enlightenment {unknown}
 l - 2 potions of attraction {unknown}
 n - 2 potions of ambrosia {unknown}
 p - a potion of might {unknown}


   Skills:
 + Level 2.7 Fighting
 + Level 3.4 Short Blades
 + Level 2.6 Throwing
 + Level 2.0 Dodging
 + Level 5.7 Stealth


You had 2 spell levels left.
You didn't know any spells.
Your spell library was empty.

Dungeon Overview and Level Annotations

Branches:
Dungeon (2/15)

Altars:

Annotations:
D:2 Sigmund


Innate Abilities, Weirdness & Mutations

You are small and have problems with some larger weapons.
You are completely attuned to the shadows.


Message History

Sigmund hits you with a +0 scythe.
You hit Sigmund.
Sigmund is heavily wounded.
The bat closely misses you.
You closely miss Sigmund.
Sigmund is heavily wounded.
The bat closely misses you. Sigmund barely misses you.
You hit Sigmund but do no damage.
Sigmund is heavily wounded.
The bat misses you.
Sigmund says, "Don't worry, I'll kill you fast."
Sigmund hits you with a +0 scythe.
You hit Sigmund.
Sigmund is severely wounded.
The bat barely misses you.
You hit Sigmund.
Sigmund is severely wounded.
The bat barely misses you. Sigmund barely misses you.
You closely miss Sigmund.
Sigmund is severely wounded.
You hit Sigmund but do no damage.
Sigmund is severely wounded.
The bat closely misses you. Sigmund barely misses you.
You hit Sigmund.
Sigmund is severely wounded.
The bat misses you.
You hit Sigmund.
Sigmund is severely wounded.
The bat misses you. The bat closely misses you.
Sigmund gestures wildly while chanting.
Sigmund flickers and vanishes!
Deactivating autopickup; reactivate with Ctrl-A.
You hit something. The bat misses you. Something barely misses you.
The bat closely misses you. Something hits you!
Ouch! That really hurt!
* * * LOW HITPOINT WARNING * * *
A puff of flame appears from out of thin air!
The puff of flame hits you.
You die...

##....# #..#### #.##
###.#### .......#########
.#####.........## .#
#########..## .#
###..######### .#
##...@.##.....## .#
##....b..{......## ##
#................# #
#######................#
#####.†........>...........#
...##......................#
##.........................#
###........................#
.{...>....................##


You could see a bat.

Vanquished Creatures
  A ribbon worm (D:2)
  6 bats
  2 endoplasms (D:1)
  2 giant cockroaches (D:1)
  3 goblins
  A hobgoblin (D:2)
  4 jackals
  5 quokkas
  5 ball pythons
  2 frilled lizards
  2 kobolds (D:2)
  5 rats
38 creatures vanquished.

Notes
Turn   | Place    | Note
-------+----------+-------------------------------------------
     0 | D:1      | imdaedric the Kobold Brigand began the quest for the Orb.
     0 | D:1      | Reached XP level 1. HP: 12/12 MP: 1/1
   144 | D:1      | Reached XP level 2. HP: 18/18 MP: 2/2
   593 | D:1      | Reached XP level 3. HP: 22/22 MP: 3/3
   926 | D:2      | Found a faded altar of an unknown god.
  1380 | D:2      | Noticed Sigmund
  1783 | D:2      | Killed from afar by Sigmund

Illustrated notes

Levels and vault maps discovered:
D:1:      minmay_arrival_jagged, layout_loops_ring,
          hangedman_abyss_or_decor_stabs
D:2:      layout_rooms, nicolae_ecumenical_lake_church, st_stairs_12,
          dreamdust_princess_bridge, minmay_pentomino_t4, uniq_sigmund

Skill      XL: |  1  2  3 |
---------------+----------+-----
Short Blades   | 3 |  3.4
Dodging        | 2 |  2.0
Fighting       | |  2.7
Throwing       | |  2.6
Stealth        | |  5.7

Action                     || total
---------------------------++-------
  Melee: Dagger            ||   133
    Use: Scroll            ||     3
   Stab: Sleeping          ||    18
 Armour: Robe              ||    60
  Dodge: Dodged            ||   110
